[Event "HUN-ch Preliminary 2019"]
[Site "Budapest"]
[Date "2019.12.05"]
[Round "1.2"]
[White "Mihok, Oliver"]
[Black "Galyas, Miklos"]
[Result "1-0"]
[ECO "B06"]
[WhiteElo "2567"]
[BlackElo "2477"]
[Annotator "ChessBase"]
[PlyCount "71"]
[EventDate "2019.12.04"]
[EventType "k.o."]
[EventCountry "HUN"]
[SourceTitle "playchess.com"]
[Source "ChessBase"]
[SourceQuality "1"]
[TimeControl "40/5400+30:1800+30"]

1. e4 d6 2. d4 g6 3. Nc3 c6 4. Nf3 Bg7 5. Bc4 Nf6 6. Bb3 O-O 7. O-O Nbd7 8. e5 dxe5 9. dxe5 Nd5 10. Bxd5 cxd5 11. Qxd5 Nb6 12. Qe4 Bd7 13. Qxb7 Rb8 14. Qe4 Qc7 15. Bf4 Bc6 16. Qe3 Qb7 17. b3 Rbc8 18. Rad1 Bxf3 19. gxf3 Qc6 20. Rd3 Qe6 21. Rfd1 Qh3 22. R1d2 e6 23. a4 h5 24. a5 Rxc3 25. Rxc3 Nd5 26. Rxd5 exd5 27. Rc7 Re8 28. Bg3 Qe6 29. h4 a6 30. Kg2 Bf8 31. Qb6 Qf5 32. Qxa6 Bg7 33. Qd3 Qe6 34. Rc5 Rd8 35. Qd4 Kh7 36. c4 1-0

[Event "HUN-ch Preliminary 2019"]
[Site "Budapest"]
[Date "2019.12.05"]
[Round "1.2"]
[White "Kantor, Gergely"]
[Black "Nemeth, Miklos"]
[Result "1-0"]
[ECO "A05"]
[WhiteElo "2541"]
[BlackElo "2496"]
[Annotator "ChessBase"]
[PlyCount "67"]
[EventDate "2019.12.04"]
[EventType "k.o."]
[EventCountry "HUN"]
[SourceTitle "playchess.com"]
[Source "ChessBase"]
[SourceQuality "1"]
[TimeControl "40/5400+30:1800+30"]

1. Nf3 Nf6 2. g3 b6 3. Bg2 Bb7 4. O-O e6 5. d3 d5 6. Nbd2 Be7 7. e4 dxe4 8. dxe4 O-O 9. Qe2 Qc8 10. e5 Nfd7 11. Ne4 Nc6 12. Bf4 a5 13. h4 a4 14. h5 Ra5 15. h6 g6 16. Ned2 Nb4 17. a3 Nd5 18. Bg5 Qd8 19. Bxe7 Nxe7 20. Rfd1 Nf5 21. Ne4 Rd5 22. Nc3 Rxd1+ 23. Rxd1 Qc8 24. Nh2 Bxg2 25. Kxg2 f6 26. Ng4 fxe5 27. Nxe5 Qa8+ 28. Kg1 Nf6 29. Nd7 Rf7 30. Qxe6 Nxd7 31. Rxd7 Nxh6 32. Ne4 Qc8 33. Nf6+ Kh8 34. Rxf7 1-0

[Event "HUN-ch Preliminary 2019"]
[Site "Budapest"]
[Date "2019.12.05"]
[Round "1.2"]
[White "Medvegy, Zoltan"]
[Black "Kaczur, Florian"]
[Result "1/2-1/2"]
[ECO "A06"]
[WhiteElo "2533"]
[BlackElo "2478"]
[Annotator "ChessBase"]
[PlyCount "58"]
[EventDate "2019.12.04"]
[EventType "k.o."]
[EventCountry "HUN"]
[SourceTitle "playchess.com"]
[Source "ChessBase"]
[SourceQuality "1"]
[TimeControl "40/5400+30:1800+30"]

1. Nf3 d5 2. e3 Nf6 3. c4 e6 4. Nc3 dxc4 5. Bxc4 a6 6. O-O b5 7. Bb3 c5 8. a4 b4 9. Ne2 Nc6 10. d3 Be7 11. e4 Bb7 12. Qc2 Rc8 13. h3 Na5 14. Ne5 O-O 15. Nc4 Nxc4 16. Bxc4 Nd7 17. Be3 Nb6 18. Nc1 Bf6 19. Nb3 Nxc4 20. dxc4 Bd4 21. Bxd4 cxd4 22. Qd3 e5 23. f3 Qc7 24. c5 a5 25. Rfc1 Bc6 26. Qa6 Ra8 27. Qb6 Rfc8 28. Qxc7 Rxc7 29. Kf2 f6 1/2-1/2

[Event "HUN-ch Preliminary 2019"]
[Site "Budapest"]
[Date "2019.12.05"]
[Round "1.2"]
[White "Aczel, Gergely"]
[Black "Csonka, Balazs"]
[Result "1-0"]
[ECO "E46"]
[WhiteElo "2523"]
[BlackElo "2479"]
[Annotator "ChessBase"]
[PlyCount "133"]
[EventDate "2019.12.04"]
[EventType "k.o."]
[EventCountry "HUN"]
[SourceTitle "playchess.com"]
[Source "ChessBase"]
[SourceQuality "1"]
[TimeControl "40/5400+30:1800+30"]

1. d4 Nf6 2. c4 e6 3. Nc3 Bb4 4. e3 O-O 5. Bd2 c5 6. a3 Bxc3 7. Bxc3 Ne4 8. Ne2 d6 9. Qd3 Nxc3 10. Nxc3 cxd4 11. Qxd4 Nc6 12. Qd2 Qe7 13. Be2 b6 14. O-O Bb7 15. Rfd1 Rfd8 16. b3 a6 17. e4 Rab8 18. Qe3 Ba8 19. Rac1 h6 20. b4 e5 21. Bf1 a5 22. Nd5 Qg5 23. bxa5 Nxa5 24. Qxg5 hxg5 25. Rb1 Bxd5 26. cxd5 Rdc8 27. Rb4 Rc3 28. a4 Rb3 29. Rb1 Rxb4 30. Rxb4 Kf8 31. g3 Ke7 32. Rb1 Kd8 33. Kg2 Kc7 34. Rc1+ Kb7 35. Rc3 Rh8 36. h3 Kb8 37. Kf3 Rc8 38. Rxc8+ Kxc8 39. Kg4 Nb3 40. Bd3 Kd8 41. Kxg5 Ke7 42. h4 Nd4 43. f4 Nf3+ 44. Kg4 Ne1 45. Be2 Kf6 46. Bd1 Nd3 47. Kf3 g6 48. Ke3 Nc5 49. Bc2 Na6 50. Bd3 Nc5 51. Bc2 Na6 52. Kd3 Nb4+ 53. Kc4 Nxc2 54. Kb5 Ne3 55. Kxb6 Nxd5+ 56. exd5 e4 57. a5 e3 58. a6 e2 59. a7 e1=Q 60. a8=Q Qxg3 61. Qd8+ Kg7 62. Qxd6 Qb3+ 63. Kc7 Qc4+ 64. Kd8 Kg8 65. Qe5 Qb4 66. d6 Qb8+ 67. Ke7 1-0

[Event "HUN-ch Preliminary 2019"]
[Site "Budapest"]
[Date "2019.12.05"]
[Round "1.2"]
[White "Gonda, Laszlo"]
[Black "Sipos, Istvan"]
[Result "1/2-1/2"]
[ECO "D31"]
[WhiteElo "2515"]
[BlackElo "2473"]
[Annotator "ChessBase"]
[PlyCount "41"]
[EventDate "2019.12.04"]
[EventType "k.o."]
[EventCountry "HUN"]
[SourceTitle "playchess.com"]
[Source "ChessBase"]
[SourceQuality "1"]
[TimeControl "40/5400+30:1800+30"]

1. d4 e6 2. c4 d5 3. Nc3 Bb4 4. e3 Nf6 5. a3 Bxc3+ 6. bxc3 O-O 7. cxd5 exd5 8. Bd3 c5 9. Ne2 b6 10. O-O cxd4 11. cxd4 Ba6 12. f3 Re8 13. Ng3 Qc8 14. Ra2 Bxd3 15. Qxd3 Qa6 16. Qd1 Nc6 17. Re2 Rad8 18. Bb2 Qc4 19. Rfe1 h6 20. Rd2 Na5 21. e4 1/2-1/2

[Event "HUN-ch Preliminary 2019"]
[Site "Budapest"]
[Date "2019.12.05"]
[Round "1.2"]
[White "Horvath, Adam"]
[Black "Czebe, Attila"]
[Result "0-1"]
[ECO "C41"]
[WhiteElo "2489"]
[BlackElo "2374"]
[Annotator "ChessBase"]
[PlyCount "80"]
[EventDate "2019.12.04"]
[EventType "k.o."]
[EventCountry "HUN"]
[SourceTitle "playchess.com"]
[Source "ChessBase"]
[SourceQuality "1"]
[TimeControl "40/5400+30:1800+30"]

1. e4 d6 2. d4 Nf6 3. Nc3 e5 4. Nf3 Nbd7 5. Bc4 Be7 6. a4 O-O 7. O-O c6 8. h3 a5 9. Re1 Nb6 10. Ba2 Nfd7 11. dxe5 dxe5 12. Be3 Qc7 13. Ng5 Bxg5 14. Bxg5 Nc5 15. Be3 Ne6 16. Re2 Re8 17. Rd2 Nd7 18. Qf3 Ndf8 19. Rad1 b6 20. Rd6 Ra7 21. h4 Rb7 22. Qg3 Ng6 23. h5 Ngf4 24. Bxe6 Bxe6 25. Bxf4 exf4 26. Qxf4 h6 27. e5 b5 28. Ne4 bxa4 29. Qg3 Kh8 30. Nc5 Ra7 31. R1d4 Bf5 32. Qf4 Qc8 33. Nxa4 Rae7 34. Nb6 Qc7 35. Qxf5 Rxe5 36. Qf4 Qxb6 37. Qxf7 Re1+ 38. Kh2 Qb8 39. g3 Rf8 40. Qxf8+ Qxf8 0-1

[Event "HUN-ch Preliminary 2019"]
[Site "Budapest"]
[Date "2019.12.05"]
[Round "1.2"]
[White "Videki, Sandor"]
[Black "Horvath, Csaba"]
[Result "0-1"]
[ECO "B40"]
[WhiteElo "2397"]
[BlackElo "2513"]
[Annotator "ChessBase"]
[PlyCount "78"]
[EventDate "2019.12.04"]
[EventType "k.o."]
[EventCountry "HUN"]
[SourceTitle "playchess.com"]
[Source "ChessBase"]
[SourceQuality "1"]
[TimeControl "40/5400+30:1800+30"]

1. e4 c5 2. Nf3 e6 3. c3 d5 4. exd5 Qxd5 5. d4 cxd4 6. Qxd4 Nf6 7. Qxd5 Nxd5 8. Bc4 Nb6 9. Be2 Nc6 10. Nbd2 f6 11. O-O e5 12. Nc4 Bc5 13. Nfd2 Be6 14. b4 Nxc4 15. Bxc4 Bxc4 16. Nxc4 Be7 17. Rd1 Rc8 18. Nd6+ Bxd6 19. Rxd6 Ne7 20. Bb2 Nf5 21. Rd5 Ke7 22. Rad1 Rhd8 23. a4 Rxd5 24. Rxd5 Ke6 25. Rd1 Nd6 26. Kf1 Nc4 27. Ba1 Rc6 28. Ke2 Rd6 29. Rxd6+ Kxd6 30. Kd3 Kd5 31. Kc2 e4 32. g3 f5 33. h4 g6 34. Kb3 h6 35. Kc2 g5 36. h5 f4 37. gxf4 gxf4 38. Kd1 f3 39. Ke1 Ke5 0-1

[Event "HUN-ch Preliminary 2019"]
[Site "Budapest"]
[Date "2019.12.04"]
[Round "1.5"]
[White "Nemeth, Miklos"]
[Black "Kantor, Gergely"]
[Result "1-0"]
[ECO "C44"]
[WhiteElo "2496"]
[BlackElo "2541"]
[Annotator "ChessBase"]
[PlyCount "91"]
[EventDate "2019.12.04"]
[EventType "k.o."]
[EventCountry "HUN"]
[SourceTitle "playchess.com"]
[Source "ChessBase"]
[SourceQuality "1"]
[TimeControl "40/5400+30:1800+30"]

1. e4 e5 2. Nf3 Nc6 3. c3 Nf6 4. d3 g6 5. Be2 Bg7 6. O-O O-O 7. a4 d5 8. Qc2 a5 9. Na3 h6 10. Nb5 Be6 11. Be3 Qe7 12. Nd2 Rad8 13. Rad1 Ng4 14. Bxg4 Bxg4 15. f3 Be6 16. Rfe1 f5 17. exd5 Rxd5 18. f4 g5 19. fxe5 f4 20. Bf2 Nxe5 21. d4 c6 22. c4 Rdd8 23. dxe5 cxb5 24. cxb5 Rc8 25. Qe4 g4 26. Nf1 Rf5 27. Qd4 Qg5 28. Qb6 Re8 29. Re4 Rxe5 30. Rxe5 Bxe5 31. Qxb7 g3 32. hxg3 fxg3 33. Be3 Qh5 34. Qc6 Bb3 35. Rd3 Rf8 36. Qxh6 Qe2 37. Qg6+ Bg7 38. Nxg3 Qe1+ 39. Kh2 Bf7 40. Qg4 Be8 41. Bh6 Rf7 42. Re3 Bd7 43. Qg6 Qb4 44. Ne4 Qxb2 45. Ng5 Rf2 46. Qh7+ {[%emt 0:00:08] Rf3} 1-0

[Event "HUN-ch Preliminary 2019"]
[Site "Budapest"]
[Date "2019.12.04"]
[Round "1.7"]
[White "Horvath, Csaba"]
[Black "Videki, Sandor"]
[Result "0-1"]
[ECO "A40"]
[WhiteElo "2513"]
[BlackElo "2397"]
[Annotator "ChessBase"]
[PlyCount "168"]
[EventDate "2019.12.04"]
[EventType "k.o."]
[EventCountry "HUN"]
[SourceTitle "playchess.com"]
[Source "ChessBase"]
[SourceQuality "1"]
[TimeControl "40/5400+30:1800+30"]

1. d4 e6 2. g3 c5 3. Nf3 Nf6 4. Bg2 cxd4 5. O-O d5 6. b3 Nc6 7. Nxd4 Qb6 8. Nxc6 bxc6 9. c4 Be7 10. Nc3 O-O 11. Na4 Qa6 12. Qc2 Bb7 13. Bb2 Rac8 14. Rac1 Nd7 15. c5 Rfd8 16. Rfd1 Nf6 17. b4 Qb5 18. a3 Ba6 19. e4 Qb8 20. exd5 cxd5 21. Re1 Qb7 22. Be5 Bb5 23. Nc3 Bc4 24. Ne4 Qa6 25. Bxf6 gxf6 26. Nd2 Qxa3 27. Nxc4 dxc4 28. Qxc4 a5 29. Qg4+ Kf8 30. Qh5 axb4 31. c6 Kg7 32. Qg4+ Kh8 33. Qh5 Kg7 34. Qg4+ Kh8 35. Ra1 Qc3 36. Qh5 Rf8 37. Rac1 Qb2 38. Rc4 f5 39. c7 Qa2 40. Qe2 Qxe2 41. Rxe2 Bd6 42. Rec2 b3 43. Rb2 Rxc7 44. Rxc7 Bxc7 45. Rxb3 Rd8 46. Rb7 Rd1+ 47. Bf1 Rc1 48. Kg2 Kg7 49. Be2 Kg6 50. Rb4 Bd6 51. Rc4 Re1 52. Bf3 Ra1 53. Rc2 Be5 54. Be2 Bd4 55. Rc4 Ra2 56. Rxd4 Rxe2 57. Rd8 e5 58. Rd6+ f6 59. Rd8 Ra2 60. Rg8+ Kf7 61. Rh8 Kg7 62. Rb8 Ra4 63. Kf3 Ra3+ 64. Kg2 Ra4 65. Kf3 Rc4 66. Ra8 Rb4 67. Rc8 h6 68. Ra8 h5 69. Kg2 f4 70. Kf3 Kg6 71. Rh8 Rb3+ 72. Ke4 Rb4+ 73. Kf3 Kg5 74. Kg2 Rb3 75. gxf4+ exf4 76. h3 Kh4 77. Rh6 f3+ 78. Kh2 Rb2 79. Kg1 f5 80. Rh8 Rb1+ 81. Kh2 Rf1 82. Rf8 Rxf2+ 83. Kg1 Rg2+ 84. Kh1 Rg5 0-1